 Dungeon Crawl Stone Soup version 0.23-a0-767-gdc19b93 (webtiles) character file.

5524 tilp the Frost Mage (level 10, -3/79 (80) HPs)
             Began as a Merfolk Ice Elementalist on Jan 19, 2019.
             Was a Believer of Makhleb.
             Slain by a white ugly thing (11 damage)
             ... on level 10 of the Dungeon.
             The game lasted 00:31:52 (14275 turns).

tilp the Frost Mage (Merfolk Ice Elementalist)     Turns: 14275, Time: 00:31:53

HP:   -3/79 (80)    AC: 11    Str: 11    XL:     10   Next: 70%
MP:   0/19          EV: 15    Int: 19    God:    Makhleb [**....]
Gold: 354           SH:  0    Dex: 14    Spells: 5/21 levels left

rFire    + . .     SeeInvis .   a - +1 whip (elec)
rCold    . . .     Gourm    .   (no shield)
rNeg     . . .     Faith    .   q - +0 leather armour
rPois    .         Spirit   +   B - +0 helmet
rElec    .         Reflect  .   (no cloak)
rCorr    .         Harm     .   J - +0 pair of gloves
MR       .....                  (no boots)
Stlth    ++........             j - amulet of guardian spirit
HPRegen  0.23/turn              b - +3 ring of strength
MPRegen  0.16/turn              G - ring of protection from fire

@: icy armour
A: change form in water, swift swim, stealthy swim
a: Minor Destruction, Renounce Religion


You were on level 10 of the Dungeon.
You worshipped Makhleb.
Makhleb was pleased with you.
You were not hungry.

You visited 2 branches of the dungeon, and saw 11 of its levels.

You collected 564 gold pieces.
You spent 210 gold pieces at shops.

Inventory:

Hand Weapons
 a - a +1 whip of electrocution (weapon)
 k - a +0 hunting sling
 t - a +0 spear
 v - a cursed +9 great sword
 I - a +0 trident
 U - a +0 glaive
Missiles
 g - 444 stones
 z - 8 javelins
 C - 4 throwing nets
 D - 2 silver tomahawks
 L - 39 sling bullets
 Q - 4 tomahawks (quivered)
Armour
 q - a +0 leather armour (worn)
 B - a +0 helmet (worn)
 H - a +0 robe of fire resistance
 J - a +0 pair of gloves (worn)
 W - a +2 hat
Jewellery
 b - a +3 ring of strength (left hand)
 j - an amulet of guardian spirit (around neck)
 G - a ring of protection from fire (right hand)
 K - an uncursed ring of see invisible
 O - an uncursed ring of flight
 X - an uncursed ring of fire
Wands
 E - a wand of disintegration (16)
 R - a wand of polymorph (8)
Scrolls
 d - a scroll of blinking {unknown}
 e - 4 scrolls of magic mapping
 m - 4 scrolls of amnesia
 o - a scroll of enchant weapon
 r - a scroll of noise {unknown}
 s - 5 scrolls of remove curse
 u - a scroll of enchant armour {unknown}
 y - a scroll of immolation
 A - 3 scrolls of identify
 F - a scroll of fear
 N - a scroll of fog {unknown}
 S - 2 scrolls of teleportation
 V - 2 scrolls of silence {unknown}
Potions
 f - a potion of flight
 i - 5 potions of brilliance
 l - 2 potions of haste
 n - 3 potions of ambrosia
 p - a potion of lignification
 w - 2 potions of agility
 x - 2 potions of mutation
 M - 2 potions of berserk rage
 T - a potion of curing
Comestibles
 c - 19 rations


   Skills:
 - Level 7.7 Fighting
 + Level 5.8 Polearms
 - Level 6.0 Dodging
 - Level 2.1 Stealth
 - Level 6.0 Spellcasting
 - Level 0.7 Conjurations
 - Level 10.1 Ice Magic
 - Level 5.2 Invocations
 - Level 4.1 Evocations


You had 5 spell levels left.
You knew the following spells:

 Your Spells              Type           Power        Failure   Level  Hunger
a - Freeze                Ice            ####         1%          1    None
b - Throw Frost           Conj/Ice       ####..       2%          2    None
c - Ozocubu's Armour      Chrm/Ice       ###.....     5%          3    ##.....
d - Throw Icicle          Conj/Ice       ####....     16%         4    ####...
e - Summon Ice Beast      Ice/Summ       ###.....     19%         4    ####...
f - Swiftness             Chrm/Air       #.......     22%         2    None

Your spell library contained the following spells:

 Spells                   Type           Power        Failure   Level  Hunger
 Shock                    Conj/Air       #...         13%         1    None
 Summon Small Mammal      Summ           #...         14%         1    None
 Call Imp                 Summ           #.......     22%         2    None
 Static Discharge         Conj/Air       #.......     36%         3    ##.....
 Call Canine Familiar     Summ           #.......     41%         3    ##.....
 Summon Guardian Golem    Hex/Summ       #.......     41%         3    ##.....
 Airstrike                Air            #.........   82%         4    ####...
 Summon Lightning Spire   Summ/Air       #.......     82%         4    ####...
 Lightning Bolt           Conj/Air       #.........   98%         5    #####..


Dungeon Overview and Level Annotations

Branches:
Dungeon (10/15)            Temple (1/1) D:6            Lair (0/6) D:8
    Orc: D:9-12

Altars:
Ashenzari
Cheibriados
Dithmenos
Elyvilon
Fedhas
Gozag
Makhleb
Nemelex Xobeh
Okawaru
Qazlal
Ru
Sif Muna
Trog
Uskayaw
Vehumet
Wu Jian
Xom
Yredelemnul
Zin
The Shining One

Shops:
D:8 =

Annotations:
D:3 dig vault
D:6 1 runed door, MalarOregon's ghost, amateur MfIE; Sigmund
D:8 2ho


Message History

The white ugly thing is severely wounded.
The white ugly thing engulfs you but does no damage.
You hit the white ugly thing.
The white ugly thing is almost dead.
The white ugly thing engulfs you! The white ugly thing freezes you!
* * * LOW HITPOINT WARNING * * *
Press: ? - help, Shift-Dir - straight line, f/p - white ugly thing
Aim: a white ugly thing (severely wounded, covered in acid)
The stone arrow misses the white ugly thing.
The white ugly thing misses you.
Press: ? - help, Shift-Dir - straight line, f/p - white ugly thing
Aim: a white ugly thing (severely wounded, covered in acid)
The white ugly thing resists with some effort.
The white ugly thing engulfs you but does no damage.
Press: ? - help, Shift-Dir - straight line, f/p - white ugly thing
Aim: a white ugly thing (severely wounded, covered in acid)
The stone arrow hits the white ugly thing.
The white ugly thing is almost dead.
The white ugly thing engulfs you!
You die...

###..............................
...................##############
#.<................#............#
#........#######...#.............
#........#.....#...###.)...######
#........#.....#.....#.....#.....
#........#.....#....##.....#.....
.........'.....#....#......#.....
##.......#'#####@...#......####''
.#####..........u...#............
.....########.......#............
............#......##...#####....
............#......#....# #....
....#######.#......#....# #....
....# #.#......#....# #)### ....#
#.#......'....# #.# ....#
#.#......#....# #.#


You could see a white ugly thing.

Vanquished Creatures
  Pikel (D:6)
  A centaur zombie (D:10)
  A troll (D:8)
  A hippogriff (D:7)
  A wraith (D:10)
  A hungry ghost (D:8)
  Edmund (D:4)
  A water moccasin (D:7)
  2 orc warriors
  A sky beast (D:8)
  2 necrophages
  A phantom (D:3)
  3 ogres
  2 centaurs
  6 wolves
  A crocodile (D:8)
  4 bullfrogs
  2 scorpions
  3 wights (D:9)
  4 howler monkeys
  3 electric eels
  6 crimson imps
  A quasit (D:9)
  8 orc priests
  A bullfrog zombie (D:7)
  4 bullfrog skeletons
  A gnoll shaman (D:4)
  6 hounds
  2 jellies (D:5)
  A centaur skeleton (D:8)
  2 iguanas
  10 orc wizards
  2 worker ants (D:4)
  A hound zombie (D:7)
  A hound skeleton (D:7)
  2 howler monkey zombies
  A worker ant zombie (D:6)
  8 gnolls
  8 adders
  A shadow imp (D:7)
  An ooze (D:2)
  An adder skeleton (D:8)
  A worm (D:2)
  2 dart slugs (D:2)
  3 leopard geckos
  34 orcs
  6 giant cockroaches
  4 goblins
  5 hobgoblins
  10 jackals
  4 quokkas
  2 ball pythons (D:1)
  8 bats
  9 frilled lizards
  A jackal skeleton (D:5)
  7 kobolds
  A quokka zombie (D:5)
  8 rats
  A spectral orc (D:3)
216 creatures vanquished.

Vanquished Creatures (others)
  A slave (D:6)
  A centaur (D:6)
  A scorpion (D:6)
  3 plants (D:7)
6 creatures vanquished.

Grand Total: 222 creatures vanquished

Notes
Turn   | Place    | Note
-------+----------+-------------------------------------------
     0 | D:1      | tilp the Merfolk Ice Elementalist began the quest for the
                  | Orb.
     0 | D:1      | Reached XP level 1. HP: 13/13 MP: 3/3
   376 | D:1      | Reached XP level 2. HP: 18/19 MP: 5/5
   398 | D:1      | Reached skill level 4 in Ice Magic
   411 | D:1      | Learned a level 2 spell: Throw Frost
  1576 | D:2      | Reached XP level 3. HP: 20/24 MP: 6/6
  1581 | D:2      | Learned a level 3 spell: Ozocubu's Armour
  1648 | D:2      | Found a shadowy altar of Dithmenos.
  1754 | D:2      | Found a deep blue altar of Sif Muna.
  1761 | D:2      | Found a sparkling altar of Nemelex Xobeh.
  1761 | D:2      | Found a white marble altar of Elyvilon.
  1856 | D:2      | Reached skill level 5 in Ice Magic
  2310 | D:3      | Reached XP level 4. HP: 28/30 MP: 7/7
  2389 | D:3      | Noticed a phantom
  2579 | D:3      | Killed a phantom
  2579 | D:3      | Reached skill level 6 in Ice Magic
  2579 | D:3      | Reached XP level 5. HP: 14/35 MP: 0/8
  2781 | D:3      | Found a basalt altar of Yredelemnul.
  2820 | D:3      | Found a glowing golden altar of the Shining One.
  3027 | D:3      | Found a stormy altar of Qazlal.
  3334 | D:3      | Reached skill level 7 in Ice Magic
  3855 | D:4      | Noticed Edmund
  4005 | D:4      | Reached XP level 6. HP: 41/41 MP: 0/9
  4268 | D:4      | Killed Edmund
  4268 | D:4      | Reached skill level 8 in Ice Magic
  4501 | D:4      | Reached skill level 1 in Fighting
  4501 | D:4      | Reached XP level 7. HP: 34/48 MP: 4/10
  4676 | D:4      | Found a glowing golden altar of the Shining One.
  4837 | D:5      | Entered Level 5 of the Dungeon
  5174 | D:5      | Reached skill level 5 in Dodging
  5851 | D:5      | Reached XP level 8. HP: 42/60 MP: 7/11
  6410 | D:6      | Reached skill level 5 in Fighting
  6776 | D:6      | Found a runed door.
  6777 | D:6      | Found a shimmering altar of Xom.
  6777 | D:6      | Noticed MalarOregon's ghost (amateur MfIE)
  6778 | D:6      | Noticed a +2 long sword of chaos
  6973 | D:6      | Noticed Pikel
  6999 | D:6      | Killed Pikel
  7159 | D:6      | Found a staircase to the Ecumenical Temple.
  7171 | Temple   | Entered the Ecumenical Temple
  7303 | Temple   | Became a worshipper of Makhleb the Destroyer
  7478 | D:6      | Found a bloodstained altar of Trog.
  7630 | D:6      | Noticed Sigmund
  7877 | D:7      | Reached skill level 1 in Evocations
  7894 | D:7      | Reached XP level 9. HP: 62/73 MP: 6/12
  8979 | D:7      | Reached * piety under Makhleb
  8979 | D:7      | Reached skill level 5 in Spellcasting
  9083 | D:7      | Found a shimmering altar of Xom.
 10004 | D:8      | Found a glowing silver altar of Zin.
 10037 | D:8      | Noticed a troll
 10046 | D:8      | Reached skill level 9 in Ice Magic
 10048 | D:8      | Reached XP level 10. HP: 66/80 MP: 14/19
 10061 | D:8      | Reached skill level 10 in Ice Magic
 10081 | D:7      | Reached skill level 1 in Invocations
 10466 | D:8      | Noticed a two-headed ogre
 10725 | D:8      | Learned a level 4 spell: Throw Icicle
 10730 | D:8      | Learned a level 4 spell: Summon Ice Beast
 10750 | D:8      | Learned a level 2 spell: Swiftness
 10762 | D:8      | Found a staircase to the Lair.
 11238 | D:8      | Found a sacrificial altar of Ru.
 11336 | D:8      | Found Hioqih's Jewellery Boutique.
 11339 | D:8      | Bought an uncursed ring of see invisible for 210 gold
                  | pieces
 11866 | D:9      | Found a snail-covered altar of Cheibriados.
 12612 | D:9      | Reached ** piety under Makhleb
 12823 | D:10     | Entered Level 10 of the Dungeon
 12880 | D:10     | Reached skill level 5 in Invocations
 13073 | D:10     | Reached skill level 1 in Polearms
 13108 | D:10     | Noticed a white ugly thing
 13966 | D:10     | Reached skill level 5 in Polearms
 14275 | D:10     | Slain by a white ugly thing

Vault maps used:
D:1:      sevenhm_arrival_forest_fort_small_4, minmay_misc_feat_ornament
D:2:      grunt_temple_overflow_open, first_ration, minmay_stone_trees_small
D:3:      grunt_qazlal_sundering, lemuel_round_altar,
          yredelemnul_forgotten_temple_becter, due_unseen_surprise
D:4:      kennysheep_small_circle, uniq_edmund
D:6:      nicolae_overflow_hidden_temple, minmay_temple_entry_ruins,
          ebering_ghost_xom, roderic_three_in_a_row, solitary_fountain,
          uniq_sigmund, uniq_pikel
D:7:      grunt_ogre_cave, serial_bayou_ford_a, xom_teletrap_fun
D:8:      lemuel_coloured_pillars_altar, nicolae_ru_the_path_less_chosen,
          erik_lair_island, serial_shops, kennysheep_mini_moat,
          minmay_misc_feat_encased
D:9:      lemuel_doored_altar, serial_park_tiny_1
D:10:     chequers_serial_rivers_micro_d
Temple:   chequers_temple_sunken

Skill      XL: |  1  2  3  4  5  6  7  8  9 10 |
---------------+-------------------------------+-----
Ice Magic      | 4 5 6 7 8 9 10 | 10.1
Fighting       | 1 3 7 |  7.7
Dodging        | 3 5 6 |  6.0
Evocations     | 2 4 |  4.1
Spellcasting   | 6 |  6.0
Invocations    | 5 |  5.2
Polearms       | 5 |  5.8
Stealth        | |  2.1
Conjurations   | |  0.7

Action                   |  1- 3 |  4- 6 |  7- 9 | 10-12 || total
-------------------------+-------+-------+-------+-------++-------
Melee: Whip              |    78 |   105 |   243 |   186 ||   612
Throw: Tomahawk          |       |     1 |     5 |     4 ||    10
       Stone             |       |     1 |       |       ||     1
 Cast: Freeze            |    13 |    19 |   115 |    54 ||   201
       Throw Frost       |     1 |     6 |     7 |     5 ||    19
       Ozocubu's Armour  |       |     3 |    12 |    10 ||    25
Invok: Minor Destruction |       |       |       |     9 ||     9
Evoke: Wand              |       |       |     2 |    11 ||    13
  Use: Scroll            |     4 |     7 |     8 |     3 ||    22
 Stab: Sleeping          |     4 |     2 |     3 |     1 ||    10
  Eat: Chunk             |     4 |     9 |    19 |     7 ||    39
       Ration            |       |       |     1 |     2 ||     3
Armor: Robe              |    17 |       |       |       ||    17
       Leather armour    |     2 |    27 |    71 |    75 ||   175
Dodge: Dodged            |    67 |    65 |   262 |   189 ||   583

Table legend:
 A = Non-vault XP
 B = Vault XP
 C = Vault XP percentage of total XP
 D = Non-vault monster count
 E = Vault monster count
 F = Vault count percentage of total count
                 A         B        C        D         E       F
            +---------+---------+-------+---------+---------+-------
      Total |    5891 |    2001 |  25.4 |     202 |      14 |   6.5
            +---------+---------+-------+---------+---------+-------
        D:1 |      22 |       0 |   0.0 |      17 |       0 |   0.0
        D:2 |      86 |       0 |   0.0 |      22 |       0 |   0.0
        D:3 |     191 |       1 |   0.5 |      24 |       1 |   4.0
        D:4 |     257 |     198 |  43.5 |      15 |       2 |  11.8
        D:5 |     626 |       0 |   0.0 |      30 |       0 |   0.0
        D:6 |     264 |     593 |  69.2 |       8 |       1 |  11.1
        D:7 |    1646 |     270 |  14.1 |      33 |       3 |   8.3
        D:8 |     880 |     939 |  51.6 |      20 |       7 |  25.9
        D:9 |     601 |       0 |   0.0 |      11 |       0 |   0.0
       D:10 |    1318 |       0 |   0.0 |      22 |       0 |   0.0
            +---------+---------+-------+---------+---------+-------
